 Dungeon Crawl Stone Soup version 0.30-a0-561-g1b0378597e (webtiles) character file.

Game seed: 6983645023754298161

268 HessuHobo the Digger (level 6, -4/32 HPs)
             Began as a Gargoyle Earth Elementalist on Dec 28, 2022.
             Slain by a kobold
             ... wielding a +0 whip of distortion
              (6 damage)
             ... in a sewer.
             The game lasted 00:03:49 (3324 turns).

HessuHobo the Digger (Gargoyle Earth Elementalist)  Turns: 3324, Time: 00:03:50

Health: -4/32      AC:  6    Str: 12    XL:     6   Next: 21%
Magic:  6/11       EV: 11    Int: 17    God:
Gold:   151        SH:  0    Dex: 10    Spells: 7/11 levels left

rFire   . . .      SeeInvis .    d - +0 dagger
rCold   . . .      Faith    .    (no shield)
rNeg    + . .      Spirit   .    a - +0 robe
rPois   ∞          Reflect  .    (no helmet)
rElec   +          Harm     .    (no cloak)
rCorr   .          Rampage  .    (no gloves)
Will    .....                    (no boots)
Stlth   ++                       (no amulet)
HPRegen 0.25/turn                (no ring)
MPRegen 0.12/turn                (no ring)

@: no status effects
A: sickness immunity, AC +4, negative energy resistance 1, electricity
resistance, torment resistance 1, petrification resistance
a: no special abilities


You were in a sewer.
You visited 1 branch of the dungeon, and saw 3 of its levels.
You also visited: Sewer.

You collected 151 gold pieces.

Inventory:

Hand Weapons
 d - a +0 dagger (weapon)
Armour
 a - a +0 robe (worn)
Jewellery
 g - an amulet of guardian spirit
Wands
 n - a wand of light (2)
Scrolls
 e - a scroll of silence {unknown}
 f - a scroll of identify
 h - a scroll of teleportation {unknown}
 i - a scroll of brand weapon {unknown}
 m - 3 scrolls of poison {unknown}
 q - 2 scrolls of immolation {unknown}
Potions
 b - a potion of magic
 c - 3 potions of curing
 j - 3 potions of heal wounds
 k - 2 potions of brilliance
 l - a potion of mutation {unknown}
 o - a potion of lignification {unknown}
 p - 2 potions of degeneration
 r - a potion of invisibility {unknown}
 s - 2 potions of cancellation {unknown}


   Skills:
 - Level 1.5 Dodging
 - Level 4.0 Stealth
 + Level 3.3 Spellcasting
 * Level 2.9 Conjurations
 - Level 0.7 Transmutations
 + Level 5.2 Earth Magic


You had 7 spell levels left.
You knew the following spells:

 Your Spells              Type           Power      Damage    Failure   Level
a - Sandblast             Erth           40%        2d10      1%          1
b - Stone Arrow           Conj/Erth      32%        3d9       10%         3

Your spell library contained the following spells:

 Spells                   Type           Power      Damage    Failure   Level
 Passwall                 Tmut/Erth      10%        N/A       8%          2
 Beastly Appendage        Tmut           10%        N/A       13%         1
 Static Discharge         Conj/Air       14%        2-3/arc   14%         2
 Wereblood                Tmut           5%         N/A       19%         2
 Spider Form              Tmut/Pois      4%         N/A       41%         3
 Petrify                  Tmut/Erth      13%        N/A       43%         4
 Call Canine Familiar     Summ           2%         N/A       45%         3
 Portal Projectile        Hex/Tloc       4%         N/A       45%         3
 Vhi's Electric Charge    Tloc/Air       4%         N/A       45%         3
 Leda's Liquefaction      Hex/Erth       5%         N/A       50%         4
 Arcjolt                  Conj/Air       3%         1d13      94%         5
 Lightning Bolt           Conj/Air       3%         1d15      94%         5


Dungeon Overview and Level Annotations

Branches:
Dungeon (3/15)              Sewer (1/1)

Altars:
Ashenzari


Innate Abilities, Weirdness & Mutations

You are immune to sickness and miasma.
Your stone body is resilient. (AC +4)
You are immune to poison.
You resist negative energy. (rN+)
You are resistant to electric shocks. (rElec)
You are resistant to unholy torment.
You are immune to petrification.


Message History

Press: ? - help, Shift-Dir - straight line, f - kobold
Aim: a kobold, wielding a +0 short sword and quivering stones (79% to hit)
You miscast Sandblast.
You are very lightly contaminated with residual magic.
Nothing appears to happen.
The kobold hits you with a +0 short sword.
Casting: Sandblast (safe; 1% risk of failure)
Confirm with . or Enter, or press ? or * to list all spells.
Aiming: Sandblast (safe; 1% risk of failure)
Press: ? - help, Shift-Dir - straight line, f/p - kobold
Aim: a kobold, wielding a +0 short sword and quivering stones (79% to hit)
The blast of sand hits the kobold.
You kill the kobold!
The kobold hits you with a +0 whip of distortion.
Space warps horribly around you. The kobold barely misses you.
The kobold attacks as you move away! The kobold closely misses you. x2
Casting: Sandblast (safe; 1% risk of failure)
Confirm with . or Enter, or press ? or * to list all spells.
Aiming: Sandblast (safe; 1% risk of failure)
Press: ? - help, Shift-Dir - straight line, f - kobold
Aim: a kobold, wielding a +0 whip of flaming and quivering poisoned darts (79% to hit)
The blast of sand hits the kobold!
You kill the kobold!
The kobold completely misses you.
The kobold hits you with a +0 whip of distortion.
Space warps around you. The kobold hits you but does no damage.
The kobold attacks as you move away! The kobold hits you but does no damage.
Space warps horribly around you!
Ouch! That really hurt!
* * * LOW HITPOINT WARNING * * *
Your magical contamination has completely faded away.
Casting: Sandblast (safe; 1% risk of failure)
Confirm with . or Enter, or press ? or * to list all spells.
Aiming: Sandblast (safe; 1% risk of failure)
Press: ? - help, Shift-Dir - straight line, f - kobold
Aim: a kobold, wielding a +0 dagger and quivering stones (79% to hit)
The blast of sand hits the kobold.
The kobold is severely wounded.
The kobold hits you but does no damage. Space warps horribly around you.
You die...

#### # ## #### ######..#
.#.!# ##..###
##......)#)...)#
####.....###.....K).)....#
.....††...†.†.†.@KK.#....!#
÷....##............~# .#.?#
.....####......##..~# # #
......##.....~##≈~≈≈≈#
.÷÷.....~~~~.≈≈≈~≈≈≈#≈#
.~.~~~..≈~≈≈~≈≈≈≈≈≈≈≈#≈#
~≈~≈≈~~≈≈≈≈≈≈≈≈≈≈≈≈≈#≈#≈# #
≈~≈~≈~~≈≈≈≈≈≈≈≈≈≈≈≈≈≈#≈#≈
≈# ~...~.~~≈~≈≈≈≈≈≈≈≈≈≈#
≈≈#


You could see 3 kobolds.

Vanquished Creatures
  A kobold brigand (Sewer)
  7 adders
  5 river rats (Sewer)
  5 worms (D:2)
  3 dart slugs
  5 bats
  3 endoplasms (D:1)
  3 giant cockroaches
  2 goblins (D:2)
  2 hobgoblins
  3 jackals (D:2)
  10 ball pythons
  2 frilled lizards
  15 kobolds
  24 rats
90 creatures vanquished.

Notes
Turn   | Place    | Note
-------+----------+-------------------------------------------
     0 | D:1      | HessuHobo the Gargoyle Earth Elementalist began the quest
                  | for the Orb.
     0 | D:1      | Reached XP level 1. HP: 10/10 MP: 3/3
   242 | D:1      | Reached XP level 2. HP: 15/15 MP: 3/5
   479 | D:1      | Found a faded altar of an unknown god.
   584 | D:1      | Reached skill level 4 in Earth Magic
  1013 | D:1      | Reached XP level 3. HP: 19/19 MP: 4/6
  1198 | D:2      | Learned a level 3 spell: Stone Arrow
  1643 | D:2      | Reached XP level 4. HP: 23/24 MP: 1/8
  2194 | D:3      | Found a broken altar of Ashenzari.
  2405 | D:3      | Found a glowing drain.
  2457 | Sewer    | Entered a sewer
  2503 | Sewer    | Noticed a kobold brigand
  2510 | Sewer    | Killed a kobold brigand
  2511 | Sewer    | Reached skill level 1 in Conjurations
  2511 | Sewer    | Reached XP level 5. HP: 28/28 MP: 3/9
  2631 | Sewer    | Reached skill level 5 in Earth Magic
  2923 | Sewer    | Reached XP level 6. HP: 31/32 MP: 4/10
  3324 | Sewer    | Slain by a kobold

Illustrated notes

Levels and vault maps discovered:
D:1:      saegor_arrival_under_anarchy, layout_loops_ring,
          hellmonk_ecumenical_altar_run_dry
D:2:      layout_basic
D:3:      layout_rooms, ashenzari_conservatory_becter, portal_sewer_entry_b,
          minmay_misc_feat_iff
Sewer:    sewer_minmay_treatment

Skill      XL: |  1  2  3  4  5 |
---------------+----------------+-----
Earth Magic    | 4 5 |  5.2
Stealth        | 3 4 |  4.0
Spellcasting   | 3 |  3.3
Conjurations   | 1 2 |  2.9
Dodging        | |  1.5
Transmutations | |  0.7

Action                   |  1- 3 |  4- 6 || total
-------------------------+-------+-------++-------
Melee: Dagger            |    16 |    13 ||    29
 Cast: Sandblast         |    47 |    82 ||   129
  Use: Potion            |       |     1 ||     1
       Scroll            |       |     3 ||     3
Armor: Robe              |    18 |    33 ||    51
Dodge: Dodged            |    27 |    70 ||    97

Table legend: (Time is in decaauts)
 A = Elapsed time spent in this place.
 B = Non-inter-level travel time spent in this place.
 C = Inter-level travel time spent in this place.
 D = Time resting spent in this place.
 E = Time spent auto-exploring this place.
 F = Levels seen in this place.
 G = Mean time per level.
                   A        B        C        D        E       F      G
               +--------+--------+--------+--------+--------+-----+--------+
         Total |   3393 |   3351 |     42 |   1473 |   1390 |   4 |  848.2 |
       Dungeon |   2491 |   2449 |     42 |    891 |   1272 |   3 |  830.3 |
         Sewer |    902 |    902 |      0 |    582 |    118 |   1 |  902.0 |
               +--------+--------+--------+--------+--------+-----+--------+

Top non-repeatable levels by time:
     D:1: 1206 daAuts
     D:2: 1014 daAuts
   Sewer: 902 daAuts
     D:3: 271 daAuts
